 Dungeon Crawl Stone Soup version 0.29.1-14-g9c671dbff4 (webtiles) character file.

Game seed: 90027580870809299

6820 Klatu the Destroyer (level 11, -7/64 HPs)
             Began as a Tengu Conjurer on Feb 13, 2023.
             Was the Champion of Cheibriados.
             Mangled by a troll (17 damage)
             ... on level 10 of the Dungeon on Feb 14, 2023.
             The game lasted 01:20:33 (14633 turns).

Klatu the Destroyer (Tengu Conjurer)               Turns: 14633, Time: 01:20:34

Health: -7/64      AC:  6    Str: 22    XL:     11   Next: 5%
Magic:  11/21      EV: 15    Int: 38    God:    Cheibriados [******]
Gold:   990        SH:  0    Dex: 28    Spells: 15/22 levels left

rFire   . . .      SeeInvis .   F - +0 dagger (elec)
rCold   + . .      Faith    .   (no shield)
rNeg    + . .      Spirit   .   e - +2 leather armour {rC+}
rPois   .          Reflect  .   (helmet restricted)
rElec   .          Harm     .   q - +0 cloak
rCorr   .          Rampage  .   (no gloves)
Will    .....                   (boots unavailable)
Stlth   +++.......              (no amulet)
HPRegen 0.20/turn               d - ring of positive energy
MPRegen 0.17/turn               (no ring)

@: flying quickly and evasively, very slow
A: beak, talons 3, nimble flight
a: Renounce Religion, Bend Time, Temporal Distortion, Slouch, Step From Time


You were on level 10 of the Dungeon.
You worshipped Cheibriados.
Cheibriados was exalted by your worship.
You visited 2 branches of the dungeon, and saw 11 of its levels.
You also visited: Ossuary and Bailey.

You collected 1222 gold pieces.
You spent 232 gold pieces at shops.

Inventory:

Hand Weapons
 a - a +2 hand axe of flaming
 b - a +0 rapier of distortion
 F - a +0 dagger of electrocution (weapon)
Missiles
 r - 35 poisoned darts
Armour
 e - a +2 leather armour of cold resistance (worn)
 q - a +0 cloak (worn)
 x - a scarf of harm
Jewellery
 d - a ring of positive energy (left hand)
 l - a ring of protection from fire
Wands
 c - a wand of polymorph (2)
 n - a wand of flame (35)
 s - a wand of iceblast (9)
 E - a wand of charming (2)
Scrolls
 f - 6 scrolls of identify
 g - 3 scrolls of teleportation
 i - 4 scrolls of enchant weapon
 k - 2 scrolls of brand weapon {unknown}
 m - a scroll of fear
 v - 2 scrolls of noise {unknown}
 w - a scroll of acquirement {unknown}
 y - 2 scrolls of butterflies
 z - a scroll of enchant armour {unknown}
 A - a scroll of torment {unknown}
 C - a scroll of silence
 G - a scroll of amnesia {unknown}
 H - a scroll of summoning
Potions
 o - 2 potions of mutation
 p - a potion of invisibility
 t - 2 potions of might
 u - a potion of curing
 B - a potion of cancellation
 D - 2 potions of attraction
Miscellaneous
 j - a phial of floods


   Skills:
 + Level 6.0 Fighting
 * Level 3.7 Short Blades
 - Level 1.0 Throwing
 - Level 2.1 Dodging
 - Level 2.0 Stealth
 + Level 6.0 Spellcasting
 * Level 14.2 Conjurations
 * Level 6.6 Hexes


You had 15 spell levels left.
You knew the following spells:

 Your Spells              Type           Power      Damage    Failure   Level
a - Magic Dart            Conj           100%       1d8       0%          1
b - Searing Ray           Conj           100%       2d8       0%          2
c - Fulminant Prism       Conj/Hex       37%        3d18      1%          4

Your spell library contained the following spells:

 Spells                   Type           Power      Damage    Failure   Level
 Foxfire                  Conj/Fire      100%       2x1d9     1%          1
 Conjure Flame            Conj/Fire      60%        6-21      1%          3
 Dazzling Flash           Conj/Hex       100%       N/A       1%          3
 Flame Wave               Conj/Fire      60%        2d14      1%          4
 Iskenderun's Mystic Bla  Conj/Tloc      60%        2d13      1%          4
 Inner Flame              Hex/Fire       36%        N/A       2%          3
 Portal Projectile        Hex/Tloc       72%        N/A       2%          3
 Summon Guardian Golem    Hex/Summ       36%        N/A       2%          3
 Cause Fear               Hex            29%        N/A       2%          4
 Leda's Liquefaction      Hex/Erth       18%        N/A       9%          4
 Call Canine Familiar     Summ           11%        N/A       11%         3
 Frozen Ramparts          Ice            22%        1d4       11%         3
 Summon Mana Viper        Hex/Summ       36%        N/A       26%         5
 Ice Form                 Ice/Tmut       11%        N/A       34%         4
 Summon Ice Beast         Ice/Summ       11%        N/A       34%         4
 Borgnjor's Revivificati  Necr           5%         N/A       100%        8
 Necromutation            Tmut/Necr      5%         N/A       100%        8
 Death's Door             Necr           5%         N/A       100%        9


Dungeon Overview and Level Annotations

Branches:
Dungeon (10/15)            Temple (1/1) D:4            Lair (0/5) D:8
    Orc (0/2) D:10        Ossuary (visited)          Bailey (visited)

Altars:
Ashenzari
Cheibriados
Dithmenos
Elyvilon
Fedhas
Gozag
Hepliaklqana
Kikubaaqudgha
Makhleb
Nemelex Xobeh
Okawaru
Qazlal
Ru
Sif Muna
Trog
Uskayaw
Wu Jian
Xom
Yredelemnul
Zin
The Shining One

Shops:
D:7 [

Annotations:
D:5 exclusion: Eustachio
D:7 2 transporters, exclusion: door, Joseph; alhimik's ghost, novice DrCj
D:9 2 runed translucent doors, nroviw's ghost, novice TeAE
D:10 exclusion: troll, Harold; Nergalle


Innate Abilities, Weirdness & Mutations

You have a beak for a mouth.
You have claws for feet.
Your magical nature lets you fly swiftly and evasively.


Message History

Press: ? - help, Shift-Dir - straight line, f - troll
Aim: a troll (wandering, hasn't noticed you, 83% to hit)
Okay, then.
Casting: Searing Ray (safe; 0% risk of failure)
Confirm with . or Enter, or press ? or * to list all spells.
Aiming: Searing Ray (safe; 0% risk of failure)
Press: ? - help, Shift-Dir - straight line, f - troll
Aim: a troll (83% to hit)
The searing ray hits the troll!
The troll is moderately wounded. (Press . to maintain the ray.)
The searing ray hits the troll.
The troll is moderately wounded.
The troll bites you. The troll claws you! The troll claws you.
The searing ray hits the troll!
The troll is severely wounded.
The troll closely misses you. The troll claws you! The troll misses you.
The searing ray hits the troll!
The troll is almost dead.
You finish channelling your searing ray.
The troll bites you. The troll claws you. The troll barely misses you.
Casting: Searing Ray (safe; 0% risk of failure)
Confirm with . or Enter, or press ? or * to list all spells.
Aiming: Searing Ray (safe; 0% risk of failure)
Press: ? - help, Shift-Dir - straight line, f/p - troll
Aim: a troll (almost dead, 83% to hit)
The searing ray misses the troll. (Press . to maintain the ray.)
The troll bites you but does no damage. The troll claws you. x2
The searing ray misses the troll.
The troll closely misses you. The troll claws you!
* * * LOW HITPOINT WARNING * * *
The troll closely misses you.
The searing ray misses the troll.
The troll barely misses you. x2
The troll claws you!
* * * LOW HITPOINT WARNING * * *
The searing ray misses the troll.
You finish channelling your searing ray.
The troll bites you!
You die...

#...# ###<......#
###.###^..#.....#
#.....#.#######
##......#######
#.#..#.......#
#.#..#.#####.########
..#..#....).........#
####.....####T######.#
##.##†#.##@#....#.#
#.##.#....#.#.##.#
#.##.#.####.#....#
#.##.#.# #.######
#....#.####.#
#.####......# #.
########


You could see a troll.

Vanquished Creatures
  A two-headed ogre (D:10)
  A wyvern (D:9)
  3 wraiths
  Eustachio (D:5)
  3 vampire mosquitoes (D:10)
  A water moccasin (D:7)
  Duvessa (D:5)
  8 orc warriors
  A sky beast (D:7)
  4 black bears
  2 ice beasts
  3 ogres (D:5)
  4 centaurs
  2 phantoms (D:5)
  3 kobold brigands
  5 bullfrogs
  3 necrophages
  5 scorpions
  7 wights
  Dowan (D:5)
  3 killer bees
  10 howler monkeys
  3 hounds
  A jelly (D:6)
  Crazy Yiuf (D:6)
  10 orc priests
  2 iguanas
  7 orc wizards
  2 gnolls (Bailey)
  6 adders
  2 shadow imps
  2 white imps (D:7)
  2 adder zombies (Ossuary)
  2 worms
  3 dart slugs
  29 orcs
  6 ball pythons
  4 bat zombies (D:5)
  10 endoplasms
  6 giant cockroaches
  16 goblins
  11 hobgoblins
  8 jackals
  3 quokkas
  4 bats
  4 frilled lizards
  2 hobgoblin skeletons (Ossuary)
  A hobgoblin zombie (Ossuary)
  34 kobolds
  2 kobold zombies (Ossuary)
  An orc skeleton (Ossuary)
  An orc zombie (Ossuary)
  4 rats
261 creatures vanquished.

Vanquished Creatures (others)
  10 fulminant prisms
  3 fungi (D:3)
  3 plants (D:3)
16 creatures vanquished.

Grand Total: 277 creatures vanquished

Notes
Turn   | Place    | Note
-------+----------+-------------------------------------------
     0 | D:1      | Klatu the Tengu Conjurer began the quest for the Orb.
     0 | D:1      | Reached XP level 1. HP: 10/10 MP: 4/4
   279 | D:1      | Reached XP level 2. HP: 15/15 MP: 1/6
   285 | D:1      | Learned a level 2 spell: Searing Ray
   343 | D:1      | Reached skill level 6 in Conjurations
  1059 | D:2      | Reached XP level 3. HP: 19/19 MP: 5/7
  1567 | D:1      | Reached skill level 7 in Conjurations
  1818 | D:1      | Got the Essays on Fiery Beguiling
  1882 | D:2      | Reached XP level 4. HP: 24/24 MP: 1/8
  2431 | D:3      | Found a faded altar of an unknown god.
  2450 | D:3      | Prayed at the altar of an unknown god.
  2450 | D:3      | Became a worshipper of Cheibriados the Contemplative
  2450 | D:3      | Reached * piety under Cheibriados
  2606 | D:3      | Noticed a necrophage
  2931 | D:3      | Killed a necrophage
  2932 | D:3      | Reached skill level 8 in Conjurations
  2932 | D:3      | Gained mutation: Your magical nature lets you fly swiftly
                  | and evasively. [Tengu growth]
  2932 | D:3      | Reached XP level 5. HP: 28/28 MP: 4/9
  2987 | D:3      | Found a glowing golden altar of the Shining One.
  3221 | D:4      | Found a staircase to the Ecumenical Temple.
  3228 | D:4      | Reached skill level 9 in Conjurations
  3228 | D:4      | Reached XP level 6. HP: 20/32 MP: 2/10
  3542 | Temple   | Entered the Ecumenical Temple
  4065 | D:4      | Reached skill level 10 in Conjurations
  4071 | D:4      | Learned a level 4 spell: Fulminant Prism
  4109 | D:4      | Reached ** piety under Cheibriados
  4482 | D:5      | Entered Level 5 of the Dungeon
  4498 | D:5      | Noticed a black bear
  4550 | D:5      | Noticed Eustachio
  4702 | D:5      | Reached skill level 1 in Hexes
  4702 | D:5      | Reached XP level 7. HP: 37/37 MP: 4/11
  4760 | D:5      | Reached skill level 1 in Fighting
  4942 | D:5      | Reached XP level 8. HP: 24/45 MP: 2/13
  5377 | D:5      | Noticed Dowan
  5568 | D:5      | Reached *** piety under Cheibriados
  5569 | D:5      | Reached skill level 11 in Conjurations
  6150 | D:5      | Found an ancient bone altar of Kikubaaqudgha.
  6270 | D:5      | Killed Eustachio
  6271 | D:5      | Reached XP level 9. HP: 50/52 MP: 4/16
  6467 | D:5      | Noticed Duvessa
  6473 | D:5      | Killed Dowan
  6474 | D:5      | Killed Duvessa
  6769 | D:6      | Found an iron altar of Okawaru.
  6776 | D:6      | Found a shimmering blue altar of Sif Muna.
  6798 | D:6      | Found a sand-covered staircase.
  6803 | Ossuary  | Entered an ossuary
  7255 | Ossuary  | Reached skill level 12 in Conjurations
  7744 | D:6      | Reached **** piety under Cheibriados
  8104 | D:6      | Found a runed translucent door.
  8105 | D:6      | Noticed Crazy Yiuf
  8111 | D:6      | Killed Crazy Yiuf
  8286 | D:6      | Reached skill level 5 in Hexes
  8992 | D:7      | Noticed Joseph
  9046 | D:7      | Found a transporter.
  9050 | D:7      | Found a transporter.
  9053 | D:7      | Noticed alhimik's ghost (novice DrCj)
  9053 | D:7      | Identified the +11 great mace of Extinguishment {freeze,
                  | Fly rF+ rC-}
  9448 | D:7      | Reached skill level 5 in Spellcasting
  9618 | D:7      | Found Feitaces's Antique Armour Emporium.
  9624 | D:7      | Bought an embroidered scarf for 232 gold pieces
  9675 | D:7      | Reached skill level 1 in Throwing
  9880 | D:8      | Reached XP level 10. HP: 58/58 MP: 10/18
 10001 | D:8      | Reached skill level 5 in Fighting
 10008 | D:8      | Reached skill level 13 in Conjurations
 10327 | D:8      | Found a staircase to the Lair.
 11052 | D:9      | Found a flagged portal.
 11076 | Bailey   | Entered a bailey
 11204 | Bailey   | Reached ***** piety under Cheibriados
 11994 | D:9      | Found a hazy altar of Hepliaklqana.
 12008 | D:9      | Found a blossoming altar of Fedhas.
 12075 | D:9      | Found a large runed translucent door.
 12075 | D:9      | Found a large runed translucent door.
 12189 | D:9      | Found a shadowy altar of Dithmenos.
 12229 | D:9      | Found a stormy altar of Qazlal.
 12588 | D:9      | Found a bloodstained altar of Trog.
 12602 | D:9      | Reached skill level 1 in Short Blades
 12913 | D:9      | HP: 3/60 [orc/+2 war axe of freezing (3)]
 13541 | D:9      | Noticed nroviw's ghost (novice TeAE)
 13604 | D:10     | Entered Level 10 of the Dungeon
 13960 | D:10     | Noticed a two-headed ogre
 13963 | D:10     | Found a staircase to the Orcish Mines.
 14090 | D:10     | Killed a two-headed ogre
 14091 | D:10     | Reached skill level 14 in Conjurations
 14149 | D:10     | Reached ****** piety under Cheibriados
 14249 | D:10     | Reached XP level 11. HP: 60/64 MP: 15/20
 14374 | D:10     | Noticed Harold
 14389 | D:10     | Noticed Nergalle
 14633 | D:10     | Mangled by a troll

Illustrated notes

Levels and vault maps discovered:
D:1:      dpeg_arrival_circle_labyrinth_c, layout_basic
D:2:      layout_rooms, kennysheep_generic_room_7
D:3:      layout_loops_ring, tso_oasis_becter, dreamdust_ecumenical_altar_grove
D:4:      layout_rooms, minmay_temple_entry_waves
D:5:      minmay_polygon_palace, layout_loops_ring,
          lemuel_zombie_altar_kikubaaqudgha, nicolae_sextant,
          minmay_misc_feat_square, uniq_duvessa, uniq_eustachio
D:6:      layout_loops_ring, mainiacjoe_overflow_catch_the_wave,
          enter_ossuary_2, minmay_curled_crystal, dk_vineyard_1,
          nicolae_concentric_dashed_squares_wild, uniq_crazy_yiuf_cottage
D:7:      layout_basic, serial_shops, shop, gammafunk_ghost_smash, uniq_joseph
D:8:      layout_cave_pods, lair_entry_dummy
D:9:      layout_long_grid, nicolae_overflow_quartered_altars,
          trog_ov_bears_minmay, ebering_ghost_disaster_area, enter_bailey_5
D:10:     layout_basic, nicolae_overflow_squiral, david_orc_3, uniq_harold,
          uniq_nergalle, uniq_sonja
Temple:   minmay_temple_curvy_loop

Skill      XL: |  1  2  3  4  5  6  7  8  9 10 11 |
---------------+----------------------------------+-----
Conjurations   | 6 7 8 9 10 11 12 14 | 14.2
Hexes          | 1 2 4 5 6 |  6.6
Fighting       | 2 3 4 5 6 |  6.0
Spellcasting   | 3 4 5 6 |  6.0
Throwing       | 1 |  1.0
Short Blades   | 3 |  3.7
Dodging        | |  2.1
Stealth        | |  2.0

Action                   |  1- 3 |  4- 6 |  7- 9 | 10-12 || total
-------------------------+-------+-------+-------+-------++-------
Melee: Unarmed           |     6 |       |       |       ||     6
       Kick              |     1 |     7 |     2 |       ||    10
       Dagger            |       |    20 |     3 |       ||    23
       Peck              |       |     4 |     1 |       ||     5
 Cast: Magic Dart        |    70 |    44 |    79 |    80 ||   273
       Searing Ray       |     6 |    16 |    58 |    51 ||   131
       Fulminant Prism   |       |       |     3 |     7 ||    10
  Use: Potion            |     1 |       |       |     1 ||     2
       Scroll            |       |     5 |    12 |     7 ||    24
 Stab: Sleeping          |       |     3 |       |       ||     3
Armor: Robe              |     2 |     4 |     5 |       ||    11
       Leather armour    |       |       |     6 |    25 ||    31
       Skin              |       |       |       |     1 ||     1
Dodge: Dodged            |    16 |    13 |    52 |    82 ||   163
